 Dungeon Sprint DCSS version 0.30.0-5-g1a98f26d00 (webtiles) character file.

Game seed: 1567116578756794035

14260 Groucho the Imperceptible (level 11, 59/59 HPs)
             Began as a Felid Berserker on May 9, 2023.
             Was the Champion of Trog.
             Got out of the dungeon alive.
             The game lasted 00:06:58 (2127 turns).

Groucho the Imperceptible (Felid Berserker)         Turns: 2127, Time: 00:06:59

Health: 59/59      AC:  2    Str: 15    XL:     11   Next: 86%
Magic:  12/12      EV: 31    Int:  9    God:    Trog [******]
Gold:   1405       SH:  0    Dex: 18    Spells: 10/10 levels left
                                        Lives:  2   Deaths: 0

rFire   . .          .
                       - Unarmed
rCold   + + .        (shield unavailable)
rNeg    . . .        (body armour unavailable)
rPois   +            (helmet unavailable)
rElec   .            (cloak unavailable)
rCorr   +            (gloves unavailable)
SInv    +            (boots unavailable)
Will    +....        (no amulet)
Stlth   ++++++++++   f - ring of flight
HPRegen 0.29/turn    j - ring "Solen" {rPois rC++ rCorr}
MPRegen 0.13/turn

%: no teleportation, random rage (3%)
@: flying, quick
A: very small, claws 1, fangs 3, see invisible, speed 1, shaggy fur 2, stealthy
paws, no weapons or thrown items, no armour, multi-lived, berserk 1, screaming
1, devolution 1
a: Renounce Religion, Berserk, Trog's Hand, Brothers in Arms


You escaped.
You worshipped Trog.
Trog was exalted by your worship.
You visited 1 branch You collected 2148 gold pieces.
You spent 743 gold pieces at shops.

Inventory:

Jewellery
 f - a ring of flight (left paw)
 j - the ring "Solen" (right paw) {rPois rC++ rCorr}
   (You bought it in a shop in the Dungeon)

   [ring of poison resistance]

   rC:        It greatly protects you from cold.
   rPois:     It protects you from poison.
   rCorr:     It protects you from acid and corrosion.
Wands
 g - a wand of iceblast (14)
 h - a wand of flame (17)
Scrolls
 i - a scroll of enchant weapon {unknown}
 k - a scroll of fear {unknown}
 l - 2 scrolls of identify {unknown}
Potions
 a - 4 potions of curing
 b - 3 potions of heal wounds
 c - a potion of haste
 d - 2 potions of magic
 e - a potion of berserk rage
 m - a potion of cancellation {unknown}


   Skills:
 + Level 13.7 Fighting
 + Level 17.5 Dodging
 + Level 26.7 Stealth
 + Level 13.7 Unarmed Combat


You had 10 spell levels left.
You didn't know any spells.
Your spell library was empty.

Dungeon Overview and Level Annotations

Branches:
Dungeon (1/1)

Altars:
Cheibriados
Dithmenos
Elyvilon
Fedhas
Gozag
Hepliaklqana
Kikubaaqudgha
Makhleb
Nemelex Xobeh
Okawaru
Qazlal
Ru
Sif Muna
Trog
Uskayaw
Vehumet
Wu Jian
Xom
Yredelemnul
Zin
The Shining One
Jiyva
Lugonu

Shops:
D (*?([?:*?[[:[[??(:=[=


Innate Abilities, Weirdness & Mutations

You have sharp claws.
You have razor-sharp teeth.
You have supernaturally acute eyesight. (SInv)
You cover ground quickly. (Speed+)
You are covered in thick fur. (AC +2)
Your paws help you pounce on unaware monsters.
You are incapable of wielding weapons or throwing items.
You cannot wear armour.
You gain extra lives every three experience levels.
You sometimes lose your temper in combat.
You occasionally shout uncontrollably at your foes.
You have hidden genetic defects.


Message History

Found four shops.
There is a huge open gate here.
There is a huge open gate here.
Your cyclops rages.
Your troll rages.
You hear a shout!
Your stone giant is no longer berserk.
There is an entrance to Pujys's General Store here.
You swap places.
Your cyclops rages.
You swap places.
Your cyclops is no longer berserk.
Your troll disappears in a puff of smoke!
Your deep troll is no longer berserk.
Your stone giant disappears in a puff of smoke!
There is an entrance to Xott's Antique Armour Shop here.
Unknown command.
Your cyclops disappears in a puff of smoke!
Your troll is no longer berserk.
Your deep troll disappears in a puff of smoke!
There is an entrance to Vytruise's Magic Scroll Boutique here.
Your troll disappears in a puff of smoke!
There is an entrance to Pyovviemo's Magic Scroll Emporium here.
Search for what [Enter for "fire", or ? for help]? fire Search for what [Enter for "fire", or ? for help]? resi
There is a huge open gate here.
There is a huge open gate here.
There is an open door here.
There is an open door here.
You see here a +0 leather armour.
There is an open door here.
There is an open door here.
There is an open door here.
There is an open door here.
There is an open door, spattered with blood here.
Things that are here:
a +0 club; a +0 leather armour
There is a staircase leading out of the dungeon here.
Are you sure you want to leave the Dungeon?
This will make you lose the game!
You have escaped!

##################
#@.#..'..#.)'..#__
#..)..#.)'..#..'..
#..#####'#####'#__
#..####..#...#.###
#..#__####..##[#~§
#..#_____##'#_§'§~
#⌠⌠#_.∩...'..._#§~
####_..__##_.#'##+
#_____###'#.#.:


There were no monsters in sight!

Vanquished Creatures
  A lorocyproca (D)
  A hydra (D)
  2 centaur warriors (D)
  Sonja (D)
  A deep troll (D)
  A lindwurm (D)
  An oklob plant (D)
  4 demonic crawlers (D)
  2 unseen horrors (D)
  A gargoyle (D)
  2 kobold demonologists (D)
  A hornet (D)
  A slime creature (D)
  Sigmund (D)
  A yak (D)
  13 hogs (D)
  2 redbacks (D)
  3 floating eyes (D)
  An ogre (D)
  7 necrophages (D)
  8 jellies (D)
  Ijyb (D)
  A ballistomycete spore (D)
57 creatures vanquished.

Vanquished Creatures (collateral kills)
  8 shining eyes (D)
  4 floating eyes (D)
12 creatures vanquished.

Vanquished Creatures (others)
  A ballistomycete spore (D)
1 creature vanquished.

Grand Total: 70 creatures vanquished

Notes
Turn   | Place    | Note
-------+----------+-------------------------------------------
     0 | D        | Groucho the Felid Berserker began the quest for the Orb.
     0 | D        | Reached XP level 1. HP: 10/10 MP: 2/2
     1 | D        | Noticed Ijyb
     8 | D        | Killed Ijyb
     9 | D        | Reached skill level 8 in Stealth
     9 | D        | Reached XP level 2. HP: 14/14 MP: 3/3
   150 | D        | Noticed an ogre
   152 | D        | Killed an ogre
   153 | D        | Reached skill level 12 in Stealth
   153 | D        | Reached XP level 3. HP: 17/17 MP: 4/4
   153 | D        | Reached XP level 4. HP: 21/21 MP: 5/5
   434 | D        | Noticed Sigmund
   436 | D        | Killed Sigmund
   436 | D        | Reached ** piety under Trog
   437 | D        | Reached skill level 16 in Stealth
   437 | D        | Reached XP level 5. HP: 24/24 MP: 6/6
   450 | D        | Found a shimmering blue altar of Sif Muna.
   451 | D        | Found an ornate altar of the Wu Jian Council.
   452 | D        | Found a radiant altar of Vehumet.
   458 | D        | Reached skill level 17 in Stealth
   458 | D        | Gained mutation: You are covered in thick fur. (AC +2)
                  | [Felid growth]
   458 | D        | Reached XP level 6. HP: 28/28 MP: 7/7
   459 | D        | Found Fuvavva's Weapon Emporium.
   459 | D        | Found an ancient bone altar of Kikubaaqudgha.
   459 | D        | Found a hazy altar of Hepliaklqana.
   459 | D        | Found a stormy altar of Qazlal.
   459 | D        | Found a hide-covered altar of Uskayaw.
   459 | D        | Found a blossoming altar of Fedhas.
   459 | D        | Found a bloodstained altar of Trog.
   459 | D        | Found an iron altar of Okawaru.
   459 | D        | Found a basalt altar of Yredelemnul.
   459 | D        | Found a glowing golden altar of the Shining One.
   459 | D        | Found a snail-covered altar of Cheibriados.
   459 | D        | Found a sacrificial altar of Ru.
   459 | D        | Found a glowing silver altar of Zin.
   459 | D        | Found a shadowy altar of Dithmenos.
   459 | D        | Found a white marble altar of Elyvilon.
   459 | D        | Noticed a yak
   460 | D        | Found an opulent altar of Gozag.
   461 | D        | Killed a yak
   462 | D        | Reached skill level 19 in Stealth
   462 | D        | Found a sparkling altar of Nemelex Xobeh.
   500 | D        | Found a viscous altar of Jiyva.
   500 | D        | Found a corrupted altar of Lugonu.
   500 | D        | Noticed a slime creature
   501 | D        | Found a burning altar of Makhleb.
   501 | D        | Found a shimmering altar of Xom.
   503 | D        | Killed a slime creature
   503 | D        | Reached *** piety under Trog
   504 | D        | Reached skill level 20 in Stealth
   504 | D        | Reached XP level 7. HP: 31/31 MP: 8/8
   529 | D        | Noticed a centaur warrior
   529 | D        | Noticed a centaur warrior
   533 | D        | Killed a centaur warrior
   534 | D        | Reached skill level 5 in Fighting
   534 | D        | Reached skill level 21 in Stealth
   534 | D        | Reached skill level 5 in Unarmed Combat
   534 | D        | Reached XP level 8. HP: 37/37 MP: 9/9
   534 | D        | Killed a centaur warrior
   535 | D        | Reached skill level 22 in Stealth
   545 | D        | Noticed a hornet
   548 | D        | Killed a hornet
   549 | D        | Reached XP level 9. HP: 43/43 MP: 10/10
   559 | D        | Noticed an oklob plant
   561 | D        | Killed an oklob plant
   561 | D        | Reached **** piety under Trog
   562 | D        | Reached skill level 10 in Dodging
   578 | D        | Reached skill level 23 in Stealth
   596 | D        | Noticed an unseen horror
   597 | D        | Noticed an unseen horror
   603 | D        | Killed an unseen horror
   605 | D        | Killed an unseen horror
   605 | D        | Reached ***** piety under Trog
   905 | D        | Reached ****** piety under Trog
  1241 | D        | Reached XP level 10. HP: 48/49 MP: 11/11
  1260 | D        | Found Hutitwin's General Store.
  1260 | D        | Found Seatotwa's Book Shop.
  1260 | D        | Found Heeveytz's Magic Scroll Boutique.
  1262 | D        | Found Nisyqi's Armour Emporium.
  1262 | D        | Found Nuboat's Armour Shop.
  1262 | D        | Found Oloj's Book Shoppe.
  1262 | D        | Found Ytel Yka's Antique Armour Boutique.
  1262 | D        | Found Anenkuuv's Antique Armour Emporium.
  1262 | D        | Found Jawnez's Magic Scroll Shop.
  1262 | D        | Found Cawyn's Magic Scroll Shoppe.
  1266 | D        | Found Reovixzu's Antique Weapon Boutique.
  1267 | D        | Found Xuwefarae's Jewellery Emporium.
  1267 | D        | Found Gedda's Book Boutique.
  1268 | D        | Found Adgha's Jewellery Emporium.
  1279 | D        | Bought a ring of flight for 192 gold pieces
  1279 | D        | Bought the ring "Solen" {rPois rC++ rCorr} for 551 gold
                  | pieces
  1321 | D        | Noticed a deep troll
  1323 | D        | Killed a deep troll
  1335 | D        | Found Utzic's Armour Emporium.
  1349 | D        | Noticed Sonja
  1352 | D        | Killed Sonja
  1353 | D        | Reached skill level 10 in Fighting
  1353 | D        | Reached skill level 24 in Stealth
  1353 | D        | Reached skill level 10 in Unarmed Combat
  1473 | D        | Found Naisuico's Antique Weapon Boutique.
  1523 | D        | Noticed a demonic crawler
  1523 | D        | Noticed a demonic crawler
  1523 | D        | Noticed a demonic crawler
  1523 | D        | Noticed a demonic crawler
  1525 | D        | Killed a demonic crawler
  1526 | D        | Killed a demonic crawler
  1528 | D        | Killed a demonic crawler
  1529 | D        | Killed a demonic crawler
  1541 | D        | Noticed a gargoyle
  1546 | D        | Killed a gargoyle
  1561 | D        | Noticed a lorocyproca
  1566 | D        | Killed a lorocyproca
  1567 | D        | Reached skill level 25 in Stealth
  1567 | D        | Reached XP level 11. HP: 38/57 MP: 12/12
  1895 | D        | Noticed a lindwurm
  1899 | D        | Killed a lindwurm
  1900 | D        | Reached skill level 15 in Dodging
  1969 | D        | Noticed a 12-headed hydra
  1971 | D        | Killed a 12-headed hydra
  2035 | D        | Noticed a shining eye
  2035 | D        | Noticed a shining eye
  2035 | D        | Noticed a shining eye
  2035 | D        | Noticed a shining eye
  2035 | D        | Noticed a shining eye
  2035 | D        | Noticed a shining eye
  2037 | D        | Gained mutation: You have hidden genetic defects. [a
                  | shining eye]
  2039 | D        | Killed a shining eye
  2039 | D        | Killed a shining eye
  2040 | D        | Reached skill level 26 in Stealth
  2040 | D        | Killed a shining eye
  2040 | D        | Killed a shining eye
  2041 | D        | Paralysed by a floating eye for 3 turns
  2042 | D        | Killed a shining eye
  2043 | D        | Killed a shining eye
  2045 | D        | Noticed a shining eye
  2046 | D        | Noticed a shining eye
  2049 | D        | Killed a shining eye
  2049 | D        | Gained mutation: You sometimes lose your temper in combat.
                  | [a shining eye]
  2049 | D        | Killed a shining eye
  2061 | D        | Found Pujys's General Store.
  2061 | D        | Found Xott's Antique Armour Shop.
  2061 | D        | Found Pyovviemo's Magic Scroll Emporium.
  2061 | D        | Found Vytruise's Magic Scroll Boutique.
  2061 | D        | Gained mutation: You occasionally shout uncontrollably at
                  | your foes. [hidden defects]
  2127 | D        | Got out of the dungeon alive.

Illustrated notes

Levels and vault maps discovered:
D:        dungeon_sprint_1 [red_sonja_temple_1, red_sonja_temple_small_1]

Skill      XL: |  1  2  3  4  5  6  7  8  9 10 11 |
---------------+----------------------------------+-----
Stealth        | 8 12 16 17 20 21 22 23 25 26 | 26.7
Fighting       | 5 7 9 11 13 | 13.7
Dodging        | 7 9 12 14 17 | 17.5
Unarmed Combat | 5 7 9 11 13 | 13.7

Action                     |  1- 3 |  4- 6 |  7- 9 | 10-12 || total
---------------------------+-------+-------+-------+-------++-------
  Melee: Unarmed           |     7 |     4 |    48 |    55 ||   114
         Bite              |     1 |       |     3 |     5 ||     9
         Punch             |       |       |     3 |     5 ||     8
 Invoke: Berserk           |     1 |       |     1 |       ||     2
         Brothers in Arms  |       |       |       |     5 ||     5
         Trog's Hand       |       |       |       |     1 ||     1
    Use: Scroll            |       |       |     1 |       ||     1
   Stab: Sleeping          |     1 |     4 |    15 |    20 ||    40
 Armour: Skin              |       |       |       |     1 ||     1
  Dodge: Dodged            |     3 |       |    30 |    34 ||    67
